AoeStats
← 菜鸟

Arena

506028066Analyzed
4v4 RM · 19d ago on Sep 12, 2026· 61m 55s· 8 players
Game mode
Random Map
Map size
Large (8 player)
Population
200
Speed
Normal
Resources
Standard
Victory
Conquest
Starting age
Dark Age
Ending age
Imperial Age
RankedLock teamsTeams togetherTeam positionsShared explorationLock speedFull tech treeHidden civsTurbo modeCheats
Victory
Defeat
🇲🇽 Spanish · Mexico
1080
+14
🇺🇸 Khmer · United States
1021
+16
🇨🇱 Poles · Chile
1014
+16
🇲🇽 Celts · Mexico
1013
+16
🇮🇩 Khmer · Indonesia
1078
-18
🇮🇩 Byzantines · Indonesia
1040
-16
🇦🇺 Sicilians · Australia
990
-14
🇨🇳 Turks · China
980
-14
Machetekills135
0:29 Loom
12:43 Feudal Age
15:58 Double-Bit Axe
18:45 Castle Age
17:21 Horse Collar
18:19 Gold Mining
21:59 Wheelbarrow
24:46 Bow Saw
24:43 Heavy Plow
35:12 Imperial Age
33:37 Hand Cart
34:59 Heated Shot
35:20 Capped Ram
36:29 Siege Ram
37:22 Heavy Scorpion
40:32 Chemistry
45:04 Light Cavalry
45:44 Husbandry
52:06 Hussar
59:59 Furor Celtica
sabin
12:34 Feudal Age
13:54 Loom
14:04 Double-Bit Axe
16:23 Castle Age
14:30 Horse Collar
16:33 Gold Mining
17:29 Bow Saw
23:49 Fervor
24:57 Husbandry
25:14 Scale Barding Armor
25:21 Stone Mining
26:43 Stone Shaft Mining
27:18 Chain Barding Armor
28:16 Redemption
28:26 Sanctity
28:49 Bloodlines
28:53 Forging
28:11 Light Cavalry
29:58 Town Watch
30:48 Wheelbarrow
34:10 Imperial Age
33:06 Hand Cart
34:26 Iron Casting
33:15 Pikeman
33:55 Squires
34:51 Cavalier
36:07 Plate Barding Armor
36:32 Blast Furnace
35:56 Fletching
37:06 Conscription
36:32 Paladin
37:51 Halberdier
38:32 Scale Mail Armor
39:41 Two-Man Saw
39:57 Chain Mail Armor
39:28 Gambesons
39:29 Arson
40:37 Inquisition
41:08 Illumination
40:58 Block Printing
41:06 Ballistics
41:46 Chemistry
40:58 Masonry
42:29 Plate Mail Armor
44:13 Supremacy
44:30 Hoardings
43:15 Elite Conquistador
46:25 Padded Archer Armor
46:22 Bodkin Arrow
50:27 Theocracy
49:47 Herbal Medicine
55:50 Bracer
56:06 Leather Archer Armor
55:29 Man-at-Arms
56:43 Bombard Tower
56:54 Architecture
57:24 Capped Ram
57:25 Onager
57:42 Sappers
57:48 Sappers
58:49 Ring Archer Armor
58:07 Arrowslits
58:33 Fortified Wall
58:18 Murder Holes
58:14 Guard Tower
59:02 Heavy Plow
59:08 Town Patrol
59:07 Hussar
59:26 Siege Ram
vivazqu
12:43 Feudal Age
15:32 Castle Age
13:22 Horse Collar
14:00 Double-Bit Axe
16:05 Wheelbarrow
15:16 Loom
15:18 Town Watch
15:44 Stone Mining
17:10 Bow Saw
18:06 Heavy Plow
20:37 Husbandry
23:55 Scale Barding Armor
25:54 Tusk Swords
25:52 Gold Mining
26:38 Forging
27:33 Gold Shaft Mining
31:44 Imperial Age
30:16 Chain Barding Armor
32:58 Bloodlines
32:10 Light Cavalry
34:11 Conscription
33:28 Pikeman
33:59 Hussar
35:09 Hand Cart
34:54 Town Patrol
36:41 Iron Casting
36:16 Fletching
37:03 Ballistics
37:47 Bodkin Arrow
38:10 Masonry
38:03 Halberdier
38:46 Scale Mail Armor
41:12 Crop Rotation
41:20 Chain Mail Armor
45:56 Blast Furnace
45:32 Plate Barding Armor
53:41 Elite Battle Elephant
Augus
11:03 Feudal Age
15:48 Castle Age
13:59 Double-Bit Axe
15:00 Horse Collar
17:28 Heavy Plow
18:09 Bow Saw
20:26 Gold Mining
25:26 Wheelbarrow
28:11 Imperial Age
26:00 Squires
26:04 Scale Mail Armor
27:49 Hand Cart
27:59 Chain Mail Armor
30:04 Crop Rotation
29:30 Stone Mining
29:09 Elite Obuch
30:10 Conscription
30:36 Plate Mail Armor
31:00 Stone Shaft Mining
31:44 Forging
31:41 Loom
32:15 Szlachta Privileges
32:23 Bloodlines
32:14 Husbandry
31:37 Light Cavalry
33:31 Iron Casting
33:59 Winged Hussar
35:58 Lechitic Legacy
35:55 Fletching
37:10 Blast Furnace
36:02 Fletching
38:23 Masonry
38:34 Ballistics
38:11 Murder Holes
47:17 Cavalier
56:58 Town Watch
richnoob575
11:16 Feudal Age
15:30 Castle Age
16:53 Double-Bit Axe
17:35 Horse Collar
18:45 Loom
26:33 Fervor
28:29 Scale Mail Armor
28:52 Scale Barding Armor
28:58 Forging
30:09 Bloodlines
29:59 Husbandry
33:19 Imperial Age
32:01 Wheelbarrow
32:15 Heavy Plow
34:25 Chain Barding Armor
34:19 Cavalier
35:51 Hauberk
38:23 Devotion
39:29 Plate Barding Armor
39:31 Iron Casting
39:42 Hand Cart
39:13 Town Watch
40:56 Elite Skirmisher
42:45 Bow Saw
43:08 Faith
42:45 Fletching
43:30 Bodkin Arrow
44:56 Blast Furnace
46:14 Caravan
48:46 Bracer
48:50 Scale Mail Armor
50:57 Squires
54:56 Light Cavalry
58:51 Pikeman
59:46 Padded Archer Armor
60:19 Ballistics
60:33 Halberdier
菜鸟
0:33 Loom
12:06 Feudal Age
19:01 Castle Age
17:08 Horse Collar
17:54 Double-Bit Axe
18:49 Forging
20:41 Heavy Plow
20:57 Bow Saw
21:42 Stone Mining
23:45 Gold Mining
25:10 Wheelbarrow
27:56 Hand Cart
28:53 Gold Shaft Mining
29:48 Fletching
30:31 Bodkin Arrow
32:04 Iron Casting
34:56 Imperial Age
32:36 Scale Mail Armor
33:12 Sipahi
33:43 Chain Mail Armor
33:56 Scale Barding Armor
34:01 Husbandry
34:54 Bloodlines
35:33 Chain Barding Armor
36:55 Two-Man Saw
37:22 Blast Furnace
36:20 Cavalier
38:31 Plate Mail Armor
39:10 Plate Barding Armor
40:12 Padded Archer Armor
41:24 Leather Archer Armor
52:27 Bracer
62:19 Ring Archer Armor
BACOD_
10:41 Feudal Age
14:29 Castle Age
13:07 Double-Bit Axe
13:36 Horse Collar
15:58 Bow Saw
21:07 Wheelbarrow
20:54 Heavy Plow
22:37 Hand Cart
23:19 Gold Mining
24:57 Stone Mining
25:45 Gold Shaft Mining
26:28 Stone Shaft Mining
31:16 Imperial Age
29:56 Husbandry
30:09 Bloodlines
30:49 Forging
31:52 Scale Barding Armor
32:23 Iron Casting
32:33 Elite Battle Elephant
33:36 Conscription
34:50 Double Crossbow
34:58 Heavy Scorpion
35:00 Capped Ram
36:08 Loom
36:00 Siege Ram
38:07 Blast Furnace
37:29 Chain Barding Armor
41:57 Chemistry
43:32 Crop Rotation
50:36 Pikeman
51:21 Scale Mail Armor
51:50 Caravan
51:16 Halberdier
53:32 Chain Mail Armor
59:59 Fortified Wall
INFarabi
11:43 Feudal Age
15:28 Castle Age
15:34 Castle Age
14:26 Double-Bit Axe
16:21 Bow Saw
21:08 Treadmill Crane
21:40 Fortified Wall
22:27 Treadmill Crane
25:11 Wheelbarrow
25:35 Scale Mail Armor
25:26 Fletching
26:31 Squires
30:06 Bodkin Arrow
34:19 Imperial Age
31:57 Pikeman
33:36 Chain Mail Armor
35:43 Ballistics
36:24 Chemistry
36:05 Plate Mail Armor
37:42 Hand Cart
39:16 Loom
40:11 Scale Barding Armor
40:08 Bracer
42:13 Heavy Camel Rider
43:26 Murder Holes
46:27 Two-Man Saw
46:33 Two-Man Saw
46:02 Gold Mining
46:04 Stone Mining
48:14 Chain Barding Armor
51:32 Coinage
51:18 Caravan
51:35 Guilds
53:31 Plate Barding Armor
53:15 Forging
52:54 Horse Collar
53:42 Halberdier
57:51 Padded Archer Armor
58:28 Iron Casting
58:07 Heavy Plow
60:39 Leather Archer Armor
Connection lost

Rejoining the realm…

Still unreachable

The connection could not be restored.

Session expired

The server has moved on; the page needs a fresh start.